 Dungeon Crawl Stone Soup version 0.20.1-1-g8b1a95d (webtiles) character file.

311 Jannitor the Skirmisher (level 6, -3/48 HPs)
             Began as a Mummy Chaos Knight on Sept 11, 2017.
             Slain by Eustachio the porcupine (10 damage)
             ... on level 4 of the Dungeon.
             The game lasted 00:06:58 (3735 turns).

Jannitor the Skirmisher (Mummy Chaos Knight)        Turns: 3735, Time: 00:07:00

Health: -3/48      AC:  7    Str: 17    XL:     6   Next: 18%
Magic:  6/6        EV: 13    Int: 12    God:    Xom [....*.]
Gold:   98         SH:  0    Dex: 17    Spells: 5/5 levels left

rFire    x . .     SeeInvis .   g - +0 whip (freeze)
rCold    + . .     Gourm    .   (no shield)
rNeg     + + +     Faith    .   b - +2 leather armour
rPois    ∞         Spirit   .   (no helmet)
rElec    .         Reflect  .   (no cloak)
rCorr    .         Harm     +   k - +1 pair of gloves
MR       .....                  (no boots)
Stlth    +.........             j - amulet of harm
Regen    0.2/turn               c - +3 ring of dexterity
MPRegen  0.1/turn               h - +3 ring of dexterity

@: no status effects
A: no food or potions, fire vulnerability, cold resistance 1, negative energy
resistance 3, torment resistance, unbreathing
a: Renounce Religion


You were on level 4 of the Dungeon.
You worshipped Xom.
You were a beloved toy of Xom.
You were not hungry.

You visited 1 branch of the dungeon, and saw 4 of its levels.

You collected 272 gold pieces.
You spent 174 gold pieces at shops.

Inventory:

Hand Weapons
 a - a +0 mace of chaos
 g - a +0 whip of freezing (weapon)
Armour
 b - a +2 leather armour (worn)
 k - a +1 pair of gloves (worn)
Jewellery
 c - a +3 ring of dexterity (left hand)
 h - a +3 ring of dexterity (right hand)
 j - an amulet of harm (around neck)
Wands
 e - a wand of iceblast (8/15)
 m - a wand of iceblast (7/15)
 q - a wand of lightning (10/15)
Scrolls
 d - 3 scrolls of remove curse
 f - 4 scrolls of identify
 i - a scroll of amnesia
 l - a scroll of teleportation
 n - 2 scrolls of enchant armour
 p - a scroll of immolation
Books
 o - a book of Misfortune

   Spells                             Type                      Level
   a - Confusing Touch                Hexes                        1
   b - Confuse                        Hexes                        3
   c - Gell's Gravitas                Translocation                3
   d - Petrify                        Transmutation/Earth          4
   e - Metabolic Englaciation         Hexes/Ice                    5
   f - Yara's Violent Unravelling     Hexes/Transmutation          5


   Skills:
 + Level 4.2 Fighting
 + Level 3.5 Maces & Flails
 + Level 2.9 Armour
 + Level 2.7 Dodging
 + Level 0.1 Evocations


You had 5 spell levels left.
You didn't know any spells.

Dungeon Overview and Level Annotations

Branches:
Dungeon (4/15)
 Temple: D:4-7

Altars:
Nemelex Xobeh

Shops:
D:4 *

Annotations:
D:4 Eustachio


Innate Abilities, Weirdness & Mutations

You do not eat or drink.
Your flesh is vulnerable to fire.
You are immune to poison.
Your flesh is cold resistant. (rC+)
You are immune to negative energy. (rN+++)
You are immune to unholy pain and torment.
You can survive without breathing.


Message History

The crimson imp blinks!
You closely miss Eustachio.
Eustachio is heavily wounded.
Eustachio gestures wildly while chanting.
Eustachio blinks!
Eustachio hits you with a rapier of venom!
You hit Eustachio but do no damage.
Eustachio is heavily wounded. "Hum-dee-hum-dee-hum..."
Eustachio evaporates and reforms as a porcupine!
You are struck by Eustachio's spines.
You closely miss Eustachio. Eustachio bites you.
* * * LOW HITPOINT WARNING * * *
You are struck by Eustachio's spines.
* * * LOW HITPOINT WARNING * * *
You hit Eustachio. You freeze Eustachio.
Eustachio is moderately wounded.
Eustachio bites you!
You die...
Xom giggles madly!

#.# #.# ####### #.#
#.<...# #..
#####.###.######..
#.5...# #.†.......
#§###.###.######..
#§# #.....######..
#@# ###.#.........
#r# #.########..
*#.#####.## #..
*.........# ##.
*..#####..# #. #..#
#..# *, #..#
#..#*******, #..#*
#..#,,,,,,,,
*,,,***#..#,******>


You could see Eustachio the porcupine and a crimson imp.

Vanquished Creatures
  A hound (D:4)
  An orc priest (D:3)
  An iguana (D:4)
  An orc wizard (D:3)
  A worker ant (D:4)
  4 gnolls
  5 adders
  A worm (D:2)
  2 dart slugs (D:1)
  2 leopard geckos
  9 orcs (D:3)
  10 bats
  3 giant cockroaches
  6 goblins
  6 hobgoblins
  7 jackals (D:1)
  5 kobolds
  A quokka (D:2)
  A ball python (D:4)
  4 frilled lizards
  A leopard gecko zombie (D:3)
  8 rats
80 creatures vanquished.

Notes
Turn   | Place    | Note
-------+----------+-------------------------------------------
     0 | D:1      | Jannitor the Mummy Chaos Knight began the quest for the Orb.
     0 | D:1      | Reached XP level 1. HP: 18/18 MP: 1/1
    26 | D:1      | Reached skill level 1 in Dodging
   162 | D:1      | Reached XP level 2. HP: 6/24 MP: 2/2
   242 | D:1      | XOM: potion effect (heal wounds)
   277 | D:1      | XOM: mild Necr miscast
   437 | D:1      | XOM: cloud trail
   595 | D:1      | Reached XP level 3. HP: 29/29 MP: 3/3
  1000 | D:2      | XOM: harmless Chrm miscast
  1102 | D:2      | XOM: harmless Ice miscast
  1257 | D:2      | XOM: cast spell 'Ring of Flames'
  1259 | D:2      | XOM: stat loss: -1 Str (15/16)
  1369 | D:2      | XOM: 2-stop teleportation journey
  1468 | D:2      | XOM: noise
  1612 | D:2      | XOM: harmless Tmut miscast
  1655 | D:3      | Reached XP level 4. HP: 33/36 MP: 4/4
  1734 | D:3      | XOM: confuse monster(s)
  1744 | D:3      | XOM: 9-stop teleportation journey
  1776 | D:3      | Reached XP level 5. HP: 30/42 MP: 5/5
  2209 | D:3      | Found a sparkling altar of Nemelex Xobeh.
  2438 | D:4      | XOM: blink monster(s)
  2683 | D:4      | Reached skill level 4 in Fighting
  2970 | D:4      | XOM: harmless Tmut miscast
  3008 | D:4      | Found Ippa's Assorted Antiques.
  3012 | D:4      | Bought a scroll labeled FASIL XEMUSHRO for 29 gold pieces
  3012 | D:4      | Bought a scroll labeled DOTIKL IGUUT for 29 gold pieces
  3017 | D:4      | Bought a worn ivory wand for 116 gold pieces
  3106 | D:4      | XOM: divination: detect creatures
  3228 | D:3      | Reached XP level 6. HP: 10/48 MP: 6/6
  3279 | D:3      | XOM: god gift: wand of lightning (?/15) {god gift}
  3516 | D:3      | XOM is BORED!
  3516 | D:3      | XOM: summons 1 hostile demon
  3679 | D:4      | XOM: cloud trail
  3715 | D:4      | Noticed Eustachio
  3720 | D:4      | XOM: destruction
  3733 | D:4      | Noticed Eustachio
  3733 | D:4      | Eustachio changed into Eustachio the porcupine
  3733 | D:4      | XOM: polymorph Eustachio -> Eustachio the porcupine
  3735 | D:4      | Slain by Eustachio the porcupine

Skill      XL: |  1  2  3  4  5 |
---------------+----------------+-----
Dodging        | 1 2 |  2.7
Armour         | 2 |  2.9
Maces & Flails | 3 |  3.5
Fighting       | 4 |  4.2
Evocations     | |  0.1

Action                   |  1- 3 |  4- 6 || total
-------------------------+-------+-------++-------
Melee: Mace              |    81 |       ||    81
       Whip              |    90 |   198 ||   288
  Use: Scroll            |       |     8 ||     8
 Stab: Sleeping          |     3 |       ||     3
       Confused          |       |     1 ||     1
Armor: Leather armour    |    97 |    42 ||   139
Dodge: Dodged            |   142 |   118 ||   260
